 Dungeon Crawl Stone Soup version 0.30-a0-800-g7c544603b3 (webtiles) character file.

Game seed: 7983000463722097030

2316 NinjaNoafa the Trooper (level 9, -1/73 HPs)
             Began as a Merfolk Gladiator on Feb 21, 2023.
             Killed by an exploding orc (40 damage)
             ... ignited by their inner flame
             ... on level 7 of the Dungeon.
             The game lasted 00:21:43 (5051 turns).

NinjaNoafa the Trooper (Merfolk Gladiator)          Turns: 5051, Time: 00:21:44

Health: -1/73      AC:  8    Str: 15    XL:     9   Next: 41%
Magic:  0/13       EV: 18    Int: 15    God:
Gold:   259        SH: 13    Dex: 17    Spells: 12/13 levels left

rFire   . . .      SeeInvis .    a - +0 rapier
rCold   . . .      Faith    .    m - +0 buckler
rNeg    . . .      Spirit   +    e - +1 troll leather armour {Pargi}
rPois   .          Reflect  .    c - +0 helmet
rElec   .          Harm     .    p - scarf {shadows}
rCorr   .          Rampage  .    s - +1 pair of gloves
Will    .....                    (boots currently unavailable)
Stlth   ++++                     A - brooch of Shielding {Spirit SH+8}
HPRegen 1.12/turn                f - ring of wizardry
MPRegen 0.13/turn                o - +6 ring of intelligence

@: very quick
A: nimble swimmer 2, mertail
a: no special abilities


You were on level 7 of the Dungeon.
You visited 1 branch of the dungeon, and saw 7 of its levels.

You collected 356 gold pieces.
You spent 97 gold pieces at shops.

Inventory:

Hand Weapons
 a - a +0 rapier (weapon)
 b - a +1 dagger of venom
Missiles
 d - 5 throwing nets
 i - 7 poisoned darts
 t - 4 javelins
Armour
 c - a +0 helmet (worn)
 e - a +1 troll leather armour (worn) {Pargi}
 m - a +0 buckler (worn)
 p - a scarf of shadows (worn)
 s - a +1 pair of gloves (worn)
Jewellery
 f - a ring of wizardry (left hand)
 o - a +6 ring of intelligence (right hand)
 q - a ring of protection from fire
 w - a ring of protection from fire
 x - a ring of positive energy
 A - the brooch of Shielding (around neck) {Spirit SH+8}
   (You found it on level 6 of the Dungeon)

   [amulet of guardian spirit]

   It causes incoming damage to be divided between your reserves of health and
   magic.
   SH:        It affects your SH (+8).
Wands
 g - a wand of roots (7)
Scrolls
 k - a scroll of noise
 l - a scroll of immolation
 n - a scroll of magic mapping
 u - a scroll of vulnerability
 v - 4 scrolls of identify
 y - a scroll of blinking
Potions
 h - a potion of ambrosia
 j - 6 potions of curing
 r - 2 potions of magic
 z - a potion of lignification


   Skills:
 - Level 7.7 Fighting
 - Level 6.0 Short Blades
 - Level 4.0 Throwing
 - Level 7.2 Dodging
 - Level 6.0 Stealth
 + Level 2.5 Shields
 + Level 2.7 Spellcasting
 + Level 3.0 Hexes


You had 12 spell levels left.
You knew the following spells:

 Your Spells              Type           Power      Damage    Failure   Level
a - Slow                  Hex            44%        N/A       4%          1

Your spell library contained the following spells:

 Spells                   Type           Power      Damage    Failure   Level
 Confusing Touch          Hex            11%        N/A       12%         3
 Apportation              Tloc           4%         N/A       14%         1
 Freeze                   Ice            8%         1d3       14%         1
 Necrotise                Necr           8%         1d4       14%         1
 Summon Small Mammal      Summ           8%         N/A       14%         1
 Frozen Ramparts          Ice            4%         1d1       38%         3
 Hailstorm                Conj/Ice       2%         3d3       38%         3
 Vampiric Draining        Necr           2%         2d6       38%         3
 Fireball                 Conj/Fire      1%         3d3       97%         5
 Iskenderun's Battlesphe  Conj           2%         2d6       97%         5
 Conjure Ball Lightning   Conj/Air       1%         3x3d6     100%        6
 Orb of Destruction       Conj           1%         9d5       100%        7


Dungeon Overview and Level Annotations

Branches:
Dungeon (7/15)             Temple (0/1) D:7

Altars:
Ashenzari
Elyvilon
Kikubaaqudgha
Makhleb
Nemelex Xobeh
Okawaru
Sif Muna
Trog
Xom
The Shining One

Shops:
D:1 =   D:4 *


Innate Abilities, Weirdness & Mutations

You are very nimble when in or above water. (Stealth+, EV+, Speed+++)
Your lower body shifts to a powerful aquatic tail in water.


Message History

Flame seeps out of the lemure.
The grasping roots constrict the lemure.
Flame seeps out of the lemure.
The grasping roots constrict the orc!
The grasping roots constrict the orc.
Flame seeps out of the orc.
The grasping roots constrict the orc.
Flame seeps out of the orc.
You hear an angry hiss.
You hear a shout!
The orc explodes!
The fiery explosion engulfs the orc!
You hear a splash.
The fiery explosion engulfs you!!!
The fiery explosion engulfs the lemure!!!
That felt strangely unrewarding.
The fiery explosion engulfs the lemure!!!
That felt strangely unrewarding.
The fiery explosion engulfs the orc!!
The fiery explosion engulfs the lemure!!!
That felt strangely unrewarding.
The lemure explodes!
The fiery explosion engulfs the lemure!!
That felt strangely unrewarding.
The fiery explosion engulfs Pikel!
Flame seeps out of Pikel.
Pikel is severely wounded.
The lemure explodes!
The fiery explosion engulfs the goblin!!!
The fiery explosion engulfs the orc!!
You hear a splash. x2
The fiery explosion engulfs Pikel!!
The fiery explosion engulfs the sky beast!!
Flame seeps out of the sky beast.
The sky beast is almost dead.
Pikel explodes!
The fiery explosion engulfs the sky beast!
The sky beast explodes!
The orc explodes!
The fiery explosion engulfs the goblin!!!
You kill the goblin!
The fiery explosion engulfs the goblin!!!
You hear a splash.
The goblin explodes! x2; The orc explodes!
The fiery explosion engulfs you!!!
Ouch! That really hurt!
You die...

**,*,,,,,,*#....,...*,,*,
*,,#.....>.,....,..#*,**,
*,*#......###..#*#.#,,#,,
*,*#......#....###.#,.#,,
*,##...§§§§....##..#..#,,
*,....§§§§§.......<...#,,
*,~≈≈~~§○○○§...#.######**
**,~**,*#○○○§)..#...,,,*,,
*,,~*,,,#@§○§.........,,,,
*,,~*,∩,#§§###.#.......,,,
**,~*,,,#§§# #.#.......,,,
*,~****#~.#*#.#.......,,,
***,~~~~~~~..*#.#.....,,,,,
*,,,,,,,.........,,...,,,,,
*,,,,,,,,.##..,,**,,,,,,,,,
*,,,,,,,,,**,,,,***,,,,,*,,
*,,,,,,,,,**,,,,,,,,,,*****


There were no monsters in sight!

Vanquished Creatures
  Pikel (D:7)
  5 water moccasins
  Duvessa (D:4)
  Pargi (D:4)
  A sky beast (D:7)
  An ice beast (D:5)
  An ogre (D:4)
  4 lemures (D:7)
  2 phantoms
  A necrophage (D:5)
  3 scorpions
  Dowan (D:4)
  A howler monkey (D:6)
  4 jellies
  2 orc priests
  A gnoll bouda (D:5)
  4 hounds
  3 iguanas
  2 orc wizards
  Ijyb (D:5)
  14 gnolls
  11 adders
  2 white imps (D:6)
  3 worms
  2 dart slugs
  24 orcs
  2 bats
  13 endoplasms
  2 giant cockroaches
  9 goblins
  6 hobgoblins
  5 quokkas
  5 ball pythons
  2 frilled lizards (D:1)
  18 kobolds
  3 rats (D:2)
161 creatures vanquished.

Vanquished Creatures (others)
  5 dream sheep (D:3)
  7 fungi (D:4)
  A plant (D:3)
  16 toadstools
29 creatures vanquished.

Grand Total: 190 creatures vanquished

Notes
Turn   | Place    | Note
-------+----------+-------------------------------------------
     0 | D:1      | NinjaNoafa the Merfolk Gladiator began the quest for the
                  | Orb.
     0 | D:1      | Reached XP level 1. HP: 16/16 MP: 1/1
   249 | D:1      | Found Busebiy's Jewellery Shoppe.
   302 | D:1      | Reached XP level 2. HP: 15/23 MP: 2/2
   480 | D:1      | Reached skill level 1 in Stealth
   729 | D:2      | Reached XP level 3. HP: 28/28 MP: 3/3
   916 | D:2      | Found a glowing golden altar of the Shining One.
  1523 | D:3      | Reached XP level 4. HP: 18/34 MP: 4/4
  1534 | D:3      | Found a faded altar of an unknown god.
  1711 | D:3      | Noticed a dream sheep
  1711 | D:3      | Noticed a dream sheep
  1711 | D:3      | Noticed a dream sheep
  1711 | D:3      | Noticed a dream sheep
  1711 | D:3      | Noticed a dream sheep
  1711 | D:3      | Found a shimmering altar of Xom.
  1713 | D:3      | Killed a dream sheep
  1713 | D:3      | Killed a dream sheep
  1713 | D:3      | Killed a dream sheep
  1713 | D:3      | Killed a dream sheep
  1713 | D:3      | Killed a dream sheep
  1714 | D:3      | Reached skill level 5 in Short Blades
  1714 | D:3      | Reached XP level 5. HP: 39/39 MP: 5/5
  2155 | D:4      | Reached XP level 6. HP: 38/46 MP: 6/6
  2342 | D:4      | Found a white marble altar of Elyvilon.
  2357 | D:4      | Found a shimmering blue altar of Sif Muna.
  2362 | D:4      | Noticed Duvessa
  2368 | D:4      | Noticed Dowan
  2372 | D:4      | Noticed Pargi
  2412 | D:4      | Found a bloodstained altar of Trog.
  2505 | D:4      | Killed Pargi
  2542 | D:4      | Found an iron altar of Okawaru.
  2562 | D:4      | Reached skill level 5 in Stealth
  2562 | D:4      | Reached XP level 7. HP: 38/52 MP: 7/7
  2655 | D:4      | Killed Duvessa
  2670 | D:4      | Killed Dowan
  2721 | D:4      | Reached skill level 5 in Dodging
  2993 | D:4      | Found Bioras's General Store.
  3022 | D:4      | Reached XP level 8. HP: 39/60 MP: 8/8
  3049 | D:4      | Bought a scroll of enchant armour for 97 gold pieces
  3113 | D:5      | Entered Level 5 of the Dungeon
  3197 | D:5      | Reached skill level 1 in Hexes
  3203 | D:5      | Reached skill level 1 in Spellcasting
  3250 | D:5      | Noticed Ijyb
  3279 | D:5      | Killed Ijyb
  3417 | D:5      | Found a burning altar of Makhleb.
  3515 | D:5      | Reached skill level 5 in Fighting
  4137 | D:6      | Reached XP level 9. HP: 68/71 MP: 11/11
  4137 | D:6      | Found the brooch of Shielding {Spirit SH+8}
  4268 | D:6      | Learned a level 1 spell: Slow
  4501 | D:6      | Reached skill level 1 in Shields
  4960 | D:6      | Found a broken altar of Ashenzari.
  4965 | D:6      | Found a faded altar of an unknown god.
  4967 | D:6      | Found a faded altar of an unknown god.
  4969 | D:6      | Found a sparkling altar of Nemelex Xobeh.
  4972 | D:6      | Found an ancient bone altar of Kikubaaqudgha.
  5031 | D:7      | Noticed Pikel
  5051 | D:7      | Killed Pikel
  5051 | D:7      | Killed by an exploding orc... ignited by their inner flame

Illustrated notes

Levels and vault maps discovered:
D:1:      nagdon_arrival_double_spiral, layout_rooms, serial_shops, shop,
          minmay_strange_pillars, minmay_statues_item
D:2:      layout_basic, basic_altar, hex_intersection
D:3:      layout_basic, kb_xom_exploding_sheep,
          shapermc_ecumenical_altar_mp_ritualfount
D:4:      cheibrodos_fertilizer, layout_rooms, trog_antimagical,
          mainiacjoe_overflow_six_doors_small, kennysheep_okawaru_gauntlet,
          lemuel_tele_altar, serial_shops, nicolae_shop_behind_doors,
          uniq_duvessa, uniq_pargi
D:5:      layout_loops_ring, kennysheep_mini, amcnicky_mini_corridor_feature,
          kennysheep_pointless_box, uniq_ijyb
D:6:      layout_rooms, chequers_temple_overflow_minitemple,
          kennysheep_decorative_pillar, grunt_ministairs_3
D:7:      minmay_angry_zag, layout_rooms, minmay_temple_entry_grid,
          nicolae_ossuary_entry_giza, enter_bailey_3, uniq_crazy_yiuf_cottage,
          uniq_pikel, uniq_joseph

Skill      XL: |  1  2  3  4  5  6  7  8  9 |
---------------+----------------------------+-----
Stealth        | 1 2 4 5 6 |  6.0
Short Blades   | 4 5 6 |  6.0
Fighting       | 3 4 6 7 |  7.7
Throwing       | 3 4 |  4.0
Dodging        | 5 7 |  7.2
Hexes          | 1 3 |  3.0
Spellcasting   | 1 2 |  2.7
Shields        | 2 |  2.5

Action                     |  1- 3 |  4- 6 |  7- 9 || total
---------------------------+-------+-------+-------++-------
  Melee: Rapier            |   105 |   148 |   449 ||   702
         Punch             |     1 |       |     7 ||     8
  Throw: Javelin           |     2 |     6 |    16 ||    24
         Throwing net      |       |     1 |     6 ||     7
         Dart              |       |       |     2 ||     2
   Cast: Slow              |       |       |    37 ||    37
  Evoke: Wand              |       |       |     1 ||     1
    Use: Scroll            |       |     5 |     7 ||    12
         Potion            |       |     3 |       ||     3
   Stab: Sleeping          |     1 |     1 |     5 ||     7
         Held in net/web   |       |     1 |       ||     1
         Distracted        |       |       |     1 ||     1
 Armour: Leather armour    |    24 |    14 |       ||    38
         Troll leather arm |       |     6 |   116 ||   122
  Dodge: Dodged            |    87 |   127 |   310 ||   524
  Block: Buckler           |       |       |    66 ||    66
         Other             |       |       |    33 ||    33

Table legend: (Time is in decaauts)
 A = Elapsed time spent in this place.
 B = Non-inter-level travel time spent in this place.
 C = Inter-level travel time spent in this place.
 D = Time resting spent in this place.
 E = Time spent auto-exploring this place.
 F = Levels seen in this place.
 G = Mean time per level.
                   A        B        C        D        E       F      G
               +--------+--------+--------+--------+--------+-----+--------+
         Total |   4964 |   4510 |    454 |      0 |   1868 |   7 |  709.1 |
       Dungeon |   4964 |   4510 |    454 |      0 |   1868 |   7 |  709.1 |
               +--------+--------+--------+--------+--------+-----+--------+

Top non-repeatable levels by time:
     D:6: 945 daAuts
     D:5: 926 daAuts
     D:4: 919 daAuts
     D:3: 805 daAuts
     D:2: 767 daAuts
     D:1: 576 daAuts
     D:7: 24 daAuts
